 Dungeon Crawl Stone Soup version 0.23.1 (webtiles) character file.

Game seed: 10217606596829081500

525 Borgoz the Sneak (level 7, -1/50 HPs)
             Began as a Ghoul Enchanter on Mar 5, 2019.
             Was an Initiate of Ashenzari.
             Slain by an adder (3 damage)
             ... in a sewer.
             The game lasted 00:11:46 (5811 turns).

Borgoz the Sneak (Ghoul Enchanter)                  Turns: 5811, Time: 00:11:47

Health: -1/50      AC:  4    Str: 12    XL:     7   Next: 23%
Magic:  0/8        EV: 12    Int: 16    God:    Ashenzari [......]
Gold:   184        SH:  0    Dex: 10    Spells: 6/9 levels left

rFire    . . .     SeeInvis .   a - +2 dagger
rCold    + . .     Gourm    .   (no shield)
rNeg     + + +     Faith    .   i - +0 leather armour
rPois    ∞         Spirit   .   (no helmet)
rElec    .         Reflect  .   o - +0 cloak (curse)
rCorr    .         Harm     .   (no gloves)
MR       .....                  (no boots)
Stlth    ++........             (no amulet)
HPRegen  0.00/turn              p - ring of wizardry (curse)
MPRegen  0.11/turn              (no ring)

@: brilliant, very slightly contaminated, rotting
A: rotting body, claws 1, carnivore, cold resistance 1, negative energy
resistance 3, inhibited regeneration, torment resistance, unbreathing
a: Curse Item, Renounce Religion


You were in a sewer.
You worshipped Ashenzari.
Ashenzari was noncommittal.
You were not hungry.

You visited 2 branches of the dungeon, and saw 6 of its levels.
You also visited: Sewer.

You collected 184 gold pieces.

Inventory:

Hand Weapons
 a - a +2 dagger (weapon)
Missiles
 h - a throwing net (quivered)
Armour
 i - a +0 leather armour (worn)
 o - a cursed +0 cloak (worn)
Jewellery
 p - a cursed ring of wizardry (left claw)
Scrolls
 c - 3 scrolls of remove curse
 e - a scroll of enchant weapon
 g - 2 scrolls of fog
 j - a scroll of magic mapping
 n - a scroll of amnesia
Potions
 q - a potion of haste
Comestibles
 d - 8 rations


   Skills:
 * Level 4.0 Short Blades
 + Level 1.7 Armour
 + Level 3.3 Dodging
 + Level 5.0 Stealth
 - Level 1.7 Spellcasting
 + Level 3.5 Hexes


You had 6 spell levels left.
You knew the following spells:

 Your Spells              Type           Power        Failure   Level  Hunger
a - Corona                Hex            ###....      1%          1    ##.....
b - Ensorcelled Hibernat  Hex/Ice        ###...       2%          2    ###....

Your spell library contained the following spells:

 Spells                   Type           Power        Failure   Level  Hunger
 Confuse                  Hex            ###.....     2%          3    ####...
 Tukima's Dance           Hex            ###.....     2%          3    ####...
 Animate Skeleton         Necr           N/A          3%          1    ##.....
 Pain                     Necr           ##..         3%          1    ##.....
 Dazzling Spray           Conj/Hex       ###...       4%          3    ####...
 Regeneration             Chrm/Necr      ##........   10%         3    ####...
 Vampiric Draining        Necr           ##........   10%         3    ####...
 Animate Dead             Necr           N/A          26%         4    #####..


Dungeon Overview and Level Annotations

Branches:
Dungeon (5/15)             Temple (1/1) D:4

Altars:
Ashenzari
Cheibriados
Dithmenos
Elyvilon
Fedhas
Gozag
Hepliaklqana
Makhleb
Okawaru
Qazlal
Ru
Sif Muna
Trog
Uskayaw
Vehumet
Wu Jian
Yredelemnul
Zin
The Shining One


Innate Abilities, Weirdness & Mutations

Your body is rotting away.
You thrive on raw meat.
You are immune to poison.
You have sharp fingernails.
You are carnivorous and can eat meat at any time.
Your flesh is cold resistant. (rC+)
You are immune to negative energy. (rN+++)
You do not regenerate when monsters are visible.
You are immune to unholy pain and torment.
You can survive without breathing.


Message History

You barely miss the adder.
The adder is moderately wounded.
The adder bites you.
* * * LOW HITPOINT WARNING * * *
Unknown command.
Okay, then.
You closely miss the adder.
The adder is moderately wounded.
The adder misses you. x2
You hit the adder.
The adder is severely wounded.
The adder barely misses you.
You hit the adder.
The adder is almost dead.
You feel yourself slow down. The adder closely misses you.
The adder barely misses you.
You miss the adder.
The adder is almost dead.
The adder bites you.
You die...

##### ####...####
####.........####
##.......§§S.....##
#.......#J§F......#
##......##S##......##
#......###S@##......#
##≈..≈## #§.###SS≈≈##
#≈≈÷≈≈≈# #####S≈≈≈≈≈#
#≈≈≈≈≈≈# #S≈≈≈≈≈#
#≈≈≈÷≈≈# #≈≈≈≈≈≈#
#≈≈≈≈≈≈# #≈≈≈≈≈≈#
#≈≈≈≈≈≈# #≈≈S≈≈≈#
##÷≈÷.## #≈≈≈≈≈≈#
#.....≈# #≈≈≈#≈≈#


You could see an ooze and 2 adders.

Vanquished Creatures
  2 bullfrogs (Sewer)
  A water moccasin skeleton (D:4)
  A howler monkey (D:5)
  A jelly (D:5)
  13 adders
  3 river rats (Sewer)
  3 oozes
  A worm (D:2)
  2 dart slugs (D:1)
  4 leopard geckos
  5 orcs
  10 bats
  6 giant cockroaches
  7 goblins
  8 hobgoblins
  6 jackals
  2 kobolds
  2 quokkas
  7 ball pythons
  6 frilled lizards
  29 rats
119 creatures vanquished.

Notes
Turn   | Place    | Note
-------+----------+-------------------------------------------
     0 | D:1      | Borgoz the Ghoul Enchanter began the quest for the Orb.
     0 | D:1      | Reached XP level 1. HP: 14/14 MP: 2/2
    72 | D:1      | Reached skill level 1 in Short Blades
   426 | D:1      | Reached XP level 2. HP: 18/20 MP: 3/3
   779 | D:1      | Reached XP level 3. HP: 14/26 MP: 4/4
  1581 | D:2      | Learned a level 2 spell: Ensorcelled Hibernation
  1702 | D:2      | Reached XP level 4. HP: 25/33 MP: 3/5
  2171 | D:2      | Reached skill level 4 in Stealth
  2631 | D:2      | Reached XP level 5. HP: 21/38 MP: 6/6
  3151 | D:3      | Found a blossoming altar of Fedhas.
  3151 | D:3      | Found a shattered altar of Ashenzari.
  3152 | D:3      | Found a shadowy altar of Dithmenos.
  3168 | D:3      | Became a worshipper of Ashenzari the Shackled
  3680 | D:4      | Found a staircase to the Ecumenical Temple.
  3692 | Temple   | Entered the Ecumenical Temple
  3967 | D:4      | Found a deep blue altar of Sif Muna.
  4347 | D:4      | Found an iron altar of Okawaru.
  4378 | D:4      | HP: 1/36 [something (4)]
  4689 | D:4      | Got the mace "Ruviummirr" {crush, rN+ Int+2}
  4690 | D:4      | Identified the +2 mace "Ruviummirr" {crush, rN+ Int+2} (You
                  | found it on level 4 of the Dungeon)
  5163 | D:5      | Entered Level 5 of the Dungeon
  5163 | D:5      | Noticed an ice beast
  5164 | D:5      | Found a glowing drain.
  5211 | D:5      | Noticed a centaur
  5264 | D:5      | Found an opulent altar of Gozag.
  5276 | D:5      | Reached skill level 1 in Armour
  5276 | D:5      | Reached XP level 6. HP: 13/36 MP: 7/7
  5329 | Sewer    | Entered a sewer
  5779 | Sewer    | Reached XP level 7. HP: 25/50 MP: 2/8
  5805 | Sewer    | Reached skill level 5 in Stealth
  5807 | Sewer    | HP: 2/50 [adder (4)]
  5811 | Sewer    | Slain by an adder

Skill      XL: |  1  2  3  4  5  6  7 |
---------------+----------------------+-----
Short Blades   | 1 2 3 4 |  4.0
Dodging        | 2 3 |  3.3
Stealth        | 4 5 |  5.0
Hexes          | 3 |  3.5
Armour         | 1 |  1.7
Spellcasting   | |  1.7

Action                   |  1- 3 |  4- 6 |  7- 9 || total
-------------------------+-------+-------+-------++-------
Melee: Dagger            |   196 |   375 |    24 ||   595
Throw: Throwing net      |       |     1 |       ||     1
 Cast: Ensorcelled Hiber |     1 |    26 |     2 ||    29
       Corona            |       |     3 |       ||     3
Invok: Curse Item        |       |     2 |       ||     2
  Use: Scroll            |       |     9 |     2 ||    11
       Potion            |       |     7 |       ||     7
 Stab: Sleeping          |     8 |    22 |     1 ||    31
       Held in net/web   |       |     2 |       ||     2
  Eat: Chunk             |     5 |    33 |     4 ||    42
Armor: Robe              |    53 |     1 |       ||    54
       Leather armour    |       |   109 |     6 ||   115
Dodge: Dodged            |   134 |   237 |    21 ||   392
